 Dungeon Crawl Stone Soup version 0.28-a0-683-ga8797d1ae1 (webtiles) character file.

Game seed: 14673064723506359196

133 bande the Covered (level 5, -2/33 HPs)
             Began as a Gargoyle Fighter on Oct 18, 2021.
             Slain by a gnoll (4 damage)
             ... on level 4 of the Dungeon.
             The game lasted 00:04:31 (3133 turns).

bande the Covered (Gargoyle Fighter)                Turns: 3133, Time: 00:04:32

Health: -2/33      AC: 14    Str: 20    XL:     5   Next: 16%
Magic:  5/5        EV:  9    Int:  9    God:
Gold:   131        SH:  4    Dex:  9    Spells: 4/4 levels left

rFire   . . .      SeeInvis .   a - +1 war axe
rCold   . . .      Faith    .   c - +0 buckler
rNeg    + . .      Spirit   .   b - +0 scale mail
rPois   ∞          Reflect  .   (no helmet)
rElec   +          Harm     .   (no cloak)
rCorr   .          Rampage  .   (no gloves)
Will    .....                   g - +2 pair of boots
Stlth   ..........              (no amulet)
HPRegen 0.11/turn               (no ring)
MPRegen 0.09/turn               (no ring)

@: mighty, weak-willed
A: sickness immunity, AC +4, negative energy resistance 1, electricity
resistance, torment resistance 1, petrification resistance
a: no special abilities


You were on level 4 of the Dungeon.
You visited 1 branch of the dungeon, and saw 4 of its levels.

You collected 131 gold pieces.

Inventory:

Hand Weapons
 a - a +1 war axe (weapon)
Armour
 b - a +0 scale mail (worn)
 c - a +0 buckler (worn)
 g - a +2 pair of boots (worn)
Jewellery
 f - an amulet of faith
Scrolls
 e - a scroll of identify
Potions
 d - a potion of might
 h - 3 potions of invisibility
 j - a potion of curing
 k - a potion of ambrosia
 m - a potion of brilliance


   Skills:
 + Level 3.9 Fighting
 + Level 3.5 Axes
 + Level 4.0 Armour
 + Level 3.7 Shields


You had 4 spell levels left.
You didn't know any spells.
Your spell library contained the following spells:

 Spells                   Type           Power      Damage    Failure   Level
 Animate Skeleton         Necr           0%         N/A       75%         1
 Apportation              Tloc           0%         N/A       75%         1
 Summon Small Mammal      Summ           0%         N/A       75%         1


Dungeon Overview and Level Annotations

Branches:
Dungeon (4/15)
 Temple: D:4-7

Altars:
Makhleb

Shops:
D:3 ?


Innate Abilities, Weirdness & Mutations

You are immune to sickness and miasma.
Your stone body is resilient. (AC +4)
You are immune to poison.
You resist negative energy. (rN+)
You are resistant to electric shocks. (rElec)
You are resistant to unholy torment.
You are immune to petrification.


Message History

The gnoll closely misses you.
The ogre hits you with a +0 giant club!!
Ouch! That really hurt!
* * * LOW HITPOINT WARNING * * *
You are confused.
You feel invigorated. The gnoll barely misses you. x2
The gnoll closely misses you. The gnoll barely misses you.
The ogre closely misses you.
You bump into the rock wall.
The gnoll closely misses you.
The gnoll hits you from afar with a +0 halberd.
* * * LOW HITPOINT WARNING * * *
The gnoll hits you with a +0 club.
* * * LOW HITPOINT WARNING * * *
The gnoll completely misses you.
Unknown command.
The ogre closely misses you.
Okay, then.
You are too confused!
Unknown command.
You feel very mighty all of a sudden. The gnoll hits you but does no damage.
The hobgoblin misses you. The ogre closely misses you.
The gnoll hits you but does no damage.
You barely miss the ogre. You barely miss the gnoll. You slash the hobgoblin!
You kill the hobgoblin!
The gnoll closely misses you. The ogre hits you with a +0 giant club!
* * * LOW HITPOINT WARNING * * *
You feel less invigorated.
You feel less confused. You block the gnoll's attack.
Unknown command.
You barely miss the gnoll.
The gnoll is lightly wounded.
You slash the gnoll! The gnoll hits you but does no damage.
The gnoll closely misses you. The gnoll hits you with a +0 whip.
* * * LOW HITPOINT WARNING * * *
Unknown command.
The gnoll hits you from afar with a +0 halberd.
* * * LOW HITPOINT WARNING * * *
The gnoll misses you. The gnoll hits you with a +0 spear.
You die...

#.... #....
#....## #.....#
+.....+ #.....#
..
#....g###+#...
######g........
#...§#@g.......
#.§).g.O†......
#§..§#.........
######.........
######.... ....
.## .


You could see an ogre and 4 gnolls.

Vanquished Creatures
  A bullfrog skeleton (D:3)
  An adder (D:2)
  3 dart slugs
  5 worms
  2 orcs (D:3)
  5 ball pythons
  12 bats
  8 endoplasms
  3 giant cockroaches
  3 goblins (D:1)
  4 hobgoblins
  4 kobolds
  4 quokkas
  14 frilled lizards
  8 rats
77 creatures vanquished.

Vanquished Creatures (others)
  6 plants (D:2)
6 creatures vanquished.

Grand Total: 83 creatures vanquished

Notes
Turn   | Place    | Note
-------+----------+-------------------------------------------
     0 | D:1      | bande the Gargoyle Fighter began the quest for the Orb.
     0 | D:1      | Reached XP level 1. HP: 14/14 MP: 1/1
   128 | D:1      | Found a faded altar of an unknown god.
   250 | D:1      | Reached XP level 2. HP: 14/19 MP: 2/2
  1073 | D:1      | Reached XP level 3. HP: 23/23 MP: 3/3
  1756 | D:2      | Reached XP level 4. HP: 29/29 MP: 4/4
  2319 | D:3      | Found a burning altar of Makhleb.
  2381 | D:3      | Reached skill level 4 in Armour
  2591 | D:3      | Found Xoulah's Magic Scroll Shop.
  2658 | D:3      | Reached XP level 5. HP: 33/33 MP: 5/5
  3119 | D:4      | Noticed an ogre
  3125 | D:4      | HP: 1/33 [ogre (22)]
  3133 | D:4      | Slain by a gnoll

Illustrated notes

Levels and vault maps discovered:
D:1:      ebering_trefoil_3fold, layout_loops_corners,
          chequers_ecumenical_altar_simple, grunt_decor_resistance,
          chequers_avenue, minmay_quantized
D:2:      layout_loops_ring, minmay_lizard_king
D:3:      layout_loops_ring, mainiacjoe_overflow_paths, serial_shops,
          nicolae_diamond_shop, hangedman_decor_clover_reticule,
          hangedman_decor_opposing
D:4:      layout_gridville, minmay_surrounded

Skill      XL: |  1  2  3  4 |
---------------+-------------+-----
Axes           | 2 3 |  3.5
Armour         | 4 |  4.0
Fighting       | |  3.9
Shields        | |  3.7

Action                   |  1- 3 |  4- 6 || total
-------------------------+-------+-------++-------
Melee: War axe           |   125 |   102 ||   227
  Use: Scroll            |     3 |     7 ||    10
       Potion            |       |     2 ||     2
Armor: Scale mail        |    66 |    50 ||   116
Dodge: Dodged            |    74 |    58 ||   132
Block: Buckler           |    34 |    18 ||    52

Table legend: (Time is in decaauts)
 A = Elapsed time spent in this place.
 B = Non-inter-level travel time spent in this place.
 C = Inter-level travel time spent in this place.
 D = Time resting spent in this place.
 E = Time spent auto-exploring this place.
 F = Levels seen in this place.
 G = Mean time per level.
                   A        B        C        D        E       F      G
               +--------+--------+--------+--------+--------+-----+--------+
         Total |   3218 |   3195 |     23 |    121 |   2457 |   4 |  804.5 |
       Dungeon |   3218 |   3195 |     23 |    121 |   2457 |   4 |  804.5 |
               +--------+--------+--------+--------+--------+-----+--------+

Top non-repeatable levels by time:
     D:1: 1412 daAuts
     D:2: 962 daAuts
     D:3: 817 daAuts
     D:4: 25 daAuts
